 Dungeon Crawl Stone Soup version 0.29.0-4-gdea44cf6ec (webtiles) character file.

Game seed: 14272372751470227616

204 qw the Ruffian (level 5, 0/41 HPs)
             Began as a Ghoul Fire Elementalist on Aug 29, 2022.
             Was an Initiate of Okawaru.
             Slain by a gnoll
             ... wielding a +0 spear
              (1 damage)
             ... on level 4 of the Dungeon.
             The game lasted 00:03:20 (4309 turns).

qw the Ruffian (Ghoul Fire Elementalist)            Turns: 4309, Time: 00:03:21

Health: 0/41       AC: 11    Str: 14    XL:     5   Next: 82%
Magic:  6/6        EV:  1    Int: 10    God:    Okawaru [......]
Gold:   119        SH:  0    Dex:  9    Spells: 6/7 levels left

rFire   . . .      SeeInvis .     - Unarmed
rCold   + . .      Faith    .   (no shield)
rNeg    + + +      Spirit   .   c - +0 plate armour
rPois   inf        Reflect  .   (no helmet)
rElec   .          Harm     .   (no cloak)
rCorr   .          Rampage  .   g - +0 pair of gloves
Will    .....                   (no boots)
Stlth   ..........              (no amulet)
HPRegen 0.00/turn               (no ring)
MPRegen 0.10/turn               (no ring)

@: inhibited regen, constricted
A: claws 1, cold resistance 1, negative energy resistance 3, inhibited
regeneration, torment resistance 2, devour on kill
a: Renounce Religion


You were on level 4 of the Dungeon.
You worshipped Okawaru.
Okawaru was noncommittal.
You visited 2 branches of the dungeon, and saw 5 of its levels.

You collected 119 gold pieces.


Innate Abilities, Weirdness & Mutations

You are immune to poison.
You have sharp fingernails.
Your flesh is cold resistant. (rC+)
You are immune to negative energy. (rN+++)
You do not regenerate when monsters are visible.
You are immune to unholy pain and torment.
You thrive by killing the living.


   Skills:
 - Level 2.1 Fighting
 - Level 1.6 Armour
 - Level 1.7 Dodging
 - Level 2.1 Stealth
 + Level 4.8 Unarmed Combat
 - Level 1.7 Spellcasting
 - Level 0.7 Conjurations
 - Level 2.4 Fire Magic


You had 6 spell levels left.
You knew the following spells:

 Your Spells              Type           Power      Damage    Failure   Level
a - Foxfire               Conj/Fire      16%        2x1d4     100%        1

Your spell library contained the following spells:

 Spells                   Type           Power      Damage    Failure   Level
 Scorch                   Fire           10%        2d6       100%        2
 Conjure Flame            Conj/Fire      4%         6-21      100%        3
 Inner Flame              Hex/Fire       3%         N/A       100%        3
 Flame Wave               Conj/Fire      4%         2d5       100%        4

Inventory:

Armour
 c - a +0 plate armour (worn)
 g - a +0 pair of gloves (worn)
Scrolls
 f - a scroll of identify
Potions
 a - a potion of curing
 d - a potion of attraction {unknown}
 e - a potion of mutation {unknown}
 h - a potion of resistance {unknown}
 i - a potion of cancellation {unknown}
 l - a potion of degeneration {unknown}

Dungeon Overview and Level Annotations

Branches:
Dungeon (4/15)             Temple (1/1) D:4

Altars:
Ashenzari
Cheibriados
Dithmenos
Gozag
Hepliaklqana
Kikubaaqudgha
Makhleb
Nemelex Xobeh
Okawaru
Qazlal
Trog
Uskayaw
Vehumet

Annotations:
D:3 2 transporters, qw's ghost, amateur TeWr


Message History

A kobold comes into view. It is wielding a +0 dagger.
A hound comes into view.
The giant cockroach bites you but does no damage.
You barely miss the giant cockroach.
The giant cockroach bites you but does no damage.
A ball python comes into view.
You barely miss the giant cockroach.
The ball python hisses angrily.
You hear an angry hiss.
The giant cockroach bites you but does no damage.
You hit the giant cockroach but do no damage.
The giant cockroach bites you but does no damage.
You closely miss the giant cockroach.
The giant cockroach bites you but does no damage.
The hound bites you but does no damage.
You closely miss the hound. You punch the hound, but do no damage.
A water moccasin comes into view.
The hound barely misses you.
The giant cockroach bites you but does no damage.
You hit the hound but do no damage.
A ball python comes into view.
The hound bites you but does no damage.
The giant cockroach bites you but does no damage.
4307 ||| Stepping ~*~*~tactically~*~*~ (outnumbered).
The giant cockroach attacks as you move away!
The giant cockroach closely misses you.
The ball python hisses angrily.
The hound bites you but does no damage.
You hit the hound.
The hound is lightly wounded.
The hound bites you but does no damage. The kobold hits you but does no damage.
A gnoll comes into view. It is wielding a +0 flail.
The gnoll hits you but does no damage.
The gnoll shouts!
You hit the hound but do no damage.
The hound is lightly wounded.
You hear a shout!
You hear an angry hiss.
The hound bites you but does no damage. The ball python bites you.
The ball python grabs you. The ball python constricts you.
The gnoll hits you from afar with a +0 spear.
You die...

#..# ..
######## ....
.. .
#..##.#.#
.........
#........
##S.......
####.O.......
#...Sh.......
#.##@#.......
#.KB......
#.wg......
#S........
#.....##..
#...#... .
...[g....
#####....
#..#


You could see a water moccasin, an ogre, a worm, a hound, 2 gnolls, a giant
cockroach, 2 ball pythons and a kobold.

Vanquished Creatures
  A hound (D:4)
  Natasha (thrice) (D:3)
  2 adders
  An ufetubus (D:4)
  3 worms
  A dart slug (D:3)
  2 orcs (D:4)
  7 bats
  8 endoplasms
  A giant cockroach (D:2)
  11 jackals
  A quokka (D:1)
  6 ball pythons
  A frilled lizard (D:1)
  10 goblins
  6 kobolds
  2 rats (D:2)
66 creatures vanquished.

Vanquished Creatures (others)
  2 fungi (D:2)
  4 plants (D:2)
6 creatures vanquished.

Grand Total: 72 creatures vanquished

Notes
Turn   | Place    | Note
-------+----------+-------------------------------------------
     0 | D:1      | qw the Ghoul Fire Elementalist began the quest for the Orb.
     0 | D:1      | Reached XP level 1. HP: 14/14 MP: 2/2
     0 | D:1      | 0 ||| qw: Version: 0.1-a-90-g952f4b7
     0 | D:1      | 0 ||| qw: Game counter: 3696
     0 | D:1      | 0 ||| qw: Always use a shield: true
     0 | D:1      | 0 ||| qw: God list: Okawaru
     0 | D:1      | 0 ||| qw: Allow faded altars: false
     0 | D:1      | 0 ||| qw: Do Orc after D:15 true
     0 | D:1      | 0 ||| qw: Do second Lair branch before Depths: true
     0 | D:1      | 0 ||| qw: Lair rune preference: random
     0 | D:1      | 0 ||| qw: Plans: Normal
     0 | D:1      | 0 ||| PLANNING D:1-11
   121 | D:1      | Reached skill level 1 in Unarmed Combat
   344 | D:1      | Reached skill level 1 in Fighting
   344 | D:1      | Reached XP level 2. HP: 23/23 MP: 3/3
   860 | D:1      | Reached skill level 2 in Unarmed Combat
  1004 | D:1      | 1004 ||| Stepping ~*~*~tactically~*~*~ (stealth).
  1011 | D:1      | 1011 ||| Stepping ~*~*~tactically~*~*~ (stealth).
  1012 | D:1      | 1012 ||| Stepping ~*~*~tactically~*~*~ (stealth).
  1156 | D:1      | 1156 ||| DROPPING orb of energy.
  1157 | D:1      | 1157 ||| UPGRADING to +0 pair of gloves.
  1162 | D:1      | 1162 ||| UPGRADING to +0 leather armour.
  1172 | D:1      | 1172 ||| DROPPING +0 robe.
  1173 | D:1      | 1173 ||| DROPPING ring of wizardry.
  1174 | D:1      | 1174 ||| READING scroll labelled QEL SOMIPTEAB.
  1175 | D:1      | 1175 ||| READING scroll labelled JOHIREINNI.
  1176 | D:1      | 1176 ||| READING scroll labelled ZIROZ UM KUISONG.
  1177 | D:1      | 1177 ||| DROPPING potion of magic.
  1227 | D:2      | Reached XP level 3. HP: 18/28 MP: 4/4
  1617 | D:2      | Reached skill level 3 in Unarmed Combat
  1807 | D:2      | 1807 ||| Stepping ~*~*~tactically~*~*~ (stealth).
  1816 | D:2      | 1816 ||| Stepping ~*~*~tactically~*~*~ (stealth).
  1821 | D:2      | 1821 ||| Stepping ~*~*~tactically~*~*~ (outnumbered).
  1825 | D:2      | 1825 ||| Stepping ~*~*~tactically~*~*~ (outnumbered).
  1934 | D:2      | Found a faded altar of an unknown god.
  2359 | D:2      | 2359 ||| UPGRADING to +0 plate armour.
  2369 | D:2      | 2369 ||| DROPPING +0 leather armour.
  2370 | D:2      | 2370 ||| READING scroll labelled YRUENEWATO.
  2371 | D:2      | 2371 ||| READING 3 scrolls labelled ABYRAA BAAZEM.
  2372 | D:2      | 2372 ||| DRINKING 2 white potions.
  2373 | D:2      | 2373 ||| READING 3 scrolls of identify.
  2373 | D:2      | 2373 ||| IDENTIFYING red potion
  2374 | D:2      | 2374 ||| READING 2 scrolls of identify.
  2374 | D:2      | 2374 ||| IDENTIFYING bubbling golden potion
  2375 | D:2      | 2375 ||| DROPPING potion of flight.
  2376 | D:2      | 2376 ||| DROPPING potion of brilliance.
  2377 | D:2      | 2377 ||| DROPPING 2 scrolls of fog.
  2413 | D:3      | Reached XP level 4. HP: 35/35 MP: 5/5
  2429 | D:3      | Noticed a sky beast
  2429 | D:3      | Noticed qw's ghost (amateur TeWr)
  2430 | D:3      | Found a transporter.
  2451 | D:3      | Noticed Natasha
  2465 | D:3      | Killed Natasha
  2466 | D:3      | Reached skill level 1 in Armour
  2680 | D:3      | 2680 ||| Stepping ~*~*~tactically~*~*~ (hiding).
  3217 | D:3      | Found an opulent altar of Gozag.
  3217 | D:3      | Found a sparkling altar of Nemelex Xobeh.
  3313 | D:3      | Noticed Natasha
  3334 | D:3      | Killed Natasha
  3335 | D:3      | Reached skill level 4 in Unarmed Combat
  3335 | D:3      | Reached XP level 5. HP: 14/40 MP: 6/6
  3574 | D:3      | Noticed Natasha
  3575 | D:3      | 3575 ||| Stepping ~*~*~tactically~*~*~ (stealth).
  3576 | D:3      | 3576 ||| Stepping ~*~*~tactically~*~*~ (stealth).
  3595 | D:3      | Killed Natasha
  3732 | D:3      | Found a transporter.
  3748 | D:3      | 3748 ||| READING scroll labelled TINAIM TIUN.
  3816 | D:4      | 3816 ||| Stepping ~*~*~tactically~*~*~ (stealth).
  3817 | D:4      | 3817 ||| Stepping ~*~*~tactically~*~*~ (stealth).
  3820 | D:4      | 3820 ||| Stepping ~*~*~tactically~*~*~ (stealth).
  3821 | D:4      | 3821 ||| Stepping ~*~*~tactically~*~*~ (stealth).
  3868 | D:4      | 3868 ||| Stepping ~*~*~tactically~*~*~ (stealth).
  3886 | D:4      | 3886 ||| Stepping ~*~*~tactically~*~*~ (outnumbered).
  3889 | D:4      | 3889 ||| Stepping ~*~*~tactically~*~*~ (outnumbered).
  3890 | D:4      | 3890 ||| Stepping ~*~*~tactically~*~*~ (outnumbered).
  3893 | D:4      | 3893 ||| Stepping ~*~*~tactically~*~*~ (outnumbered).
  3970 | D:4      | 3970 ||| Stepping ~*~*~tactically~*~*~ (stealth).
  3982 | D:4      | 3982 ||| Stepping ~*~*~tactically~*~*~ (stealth).
  3983 | D:4      | 3983 ||| Stepping ~*~*~tactically~*~*~ (stealth).
  4010 | D:4      | 4010 ||| Stepping ~*~*~tactically~*~*~ (hiding).
  4011 | D:4      | 4011 ||| Stepping ~*~*~tactically~*~*~ (hiding).
  4031 | D:4      | 4031 ||| Stepping ~*~*~tactically~*~*~ (stealth).
  4032 | D:4      | 4032 ||| Stepping ~*~*~tactically~*~*~ (stealth).
  4034 | D:4      | 4034 ||| Stepping ~*~*~tactically~*~*~ (stealth).
  4043 | D:4      | Found a staircase to the Ecumenical Temple.
  4044 | D:4      | 4044 ||| PLANNING TEMPLE
  4044 | D:4      | 4044 ||| UPGRADING to amulet of guardian spirit.
  4050 | D:4      | 4050 ||| Stepping randomly (stuck).
  4051 | D:4      | 4051 ||| Stepping randomly (stuck).
  4061 | Temple   | Entered the Ecumenical Temple
  4149 | Temple   | Became a worshipper of Warmaster Okawaru
  4150 | Temple   | 4150 ||| REMOVING amulet of guardian spirit.
  4209 | Temple   | 4209 ||| PLANNING D:1-11
  4209 | Temple   | 4209 ||| DROPPING amulet of guardian spirit.
  4267 | D:4      | 4267 ||| Stepping ~*~*~tactically~*~*~ (outnumbered).
  4274 | D:4      | HP: 8/41 [gnoll/+0 spear (4)]
  4275 | D:4      | 4275 ||| READING 3 scrolls of teleportation.
  4276 | D:4      | Noticed an ogre
  4283 | D:4      | 4283 ||| READING 2 scrolls of teleportation.
  4285 | D:4      | HP: 4/41 [quokka (2)]
  4288 | D:4      | 4288 ||| FLEEEEING.
  4289 | D:4      | 4289 ||| FLEEEEING.
  4290 | D:4      | 4290 ||| FLEEEEING.
  4291 | D:4      | 4291 ||| READING scroll of teleportation.
  4293 | D:4      | 4293 ||| Stepping ~*~*~tactically~*~*~ (outnumbered).
  4294 | D:4      | 4294 ||| Stepping ~*~*~tactically~*~*~ (outnumbered).
  4295 | D:4      | 4295 ||| Stepping ~*~*~tactically~*~*~ (outnumbered).
  4305 | D:4      | Noticed a water moccasin
  4307 | D:4      | 4307 ||| Stepping ~*~*~tactically~*~*~ (outnumbered).
  4309 | D:4      | HP: 1/41 [ball python (3)]
  4309 | D:4      | Slain by a gnoll

Levels and vault maps discovered:
D:1:      saegor_arrival_simple_e, layout_basic
D:2:      layout_rooms, dreamdust_ecumenical_altar_grove,
          minmay_strange_pillars, serial_bayou_pond_b
D:3:      layout_basic, grunt_temple_overflow_opulence, gammafunk_ghost_arena,
          uniq_natasha
D:4:      layout_rooms, zin_scriptorium, gammafunk_temple_overflow_wave,
          minmay_temple_entry_slanted, minmay_circle_x
Temple:   hellmonk_temple_flake

Skill      XL: |  1  2  3  4  5 |
---------------+----------------+-----
Unarmed Combat | 1 2 3 4 |  4.8
Fighting       | 1 2 |  2.1
Armour         | 1 |  1.6
Dodging        | |  1.7
Stealth        | |  2.1
Spellcasting   | |  1.7
Conjurations   | |  0.7
Fire Magic     | |  2.4

Action                   |  1- 3 |  4- 6 || total
-------------------------+-------+-------++-------
Melee: Unarmed           |   178 |   184 ||   362
       Punch             |     7 |     3 ||    10
  Use: Scroll            |     7 |     4 ||    11
       Potion            |     1 |       ||     1
Armor: Robe              |    22 |       ||    22
       Leather armour    |    29 |       ||    29
       Plate armour      |     7 |   159 ||   166
Dodge: Dodged            |   123 |    37 ||   160

Table legend:
 A = Non-vault XP
 B = Vault XP
 C = Vault XP percentage of total XP
 D = Non-vault monster count
 E = Vault monster count
 F = Vault count percentage of total count
                 A         B        C        D         E       F
            +---------+---------+-------+---------+---------+-------
      Total |     250 |      42 |  14.4 |      61 |       5 |   7.6
            +---------+---------+-------+---------+---------+-------
        D:1 |      31 |       0 |   0.0 |      20 |       0 |   0.0
        D:2 |      41 |       4 |   8.9 |      14 |       3 |  17.6
        D:3 |     102 |      35 |  25.5 |      10 |       1 |   9.1
        D:4 |      76 |       3 |   3.8 |      17 |       1 |   5.6
            +---------+---------+-------+---------+---------+-------
